Map: Beckett Industries LE

Players

FoxeR

  • Race: Terran Terran
  • League: Diamond

ViBE - Winner!

  • Race: Zerg Zerg
  • League: Master

VOD

Have the link to the VOD?

Description

Time

  • Played on: May 4, 2021, 8:40 p.m.
  • Length: 11:29
Show
View Real Time Build Order
Export as new Build Order

FoxeR Terran 

Build Orders: Hellion Opening, Reaper Expand 

Get SALT Encoding   

  12  0:00  SCV  
  13  0:12  SCV  
  14  0:17  Supply Depot  
  14  0:24  SCV  
  15  0:38  SCV  
  15  0:39  Barracks  
  16  0:45  Refinery  
  16  0:50  SCV  
  17  1:03  SCV  
  18  1:15  SCV  
  19  1:27  Orbital Command, Reaper  
  20  1:40  Command Center  
  20  1:51  Supply Depot  
  20  1:56  SCV  
  20  1:59  Marine  
  22  2:10  Factory  
  22  2:12  SCV  
  23  2:22  Barracks Reactor  
  23  2:24  SCV  
  23  2:25  Refinery  
  24  2:36  SCV  
  25  2:48  SCV  
  26  2:58  Orbital Command  
  26  3:00  SCV  
  27  3:08  Starport  
  27  3:09  Hellion x2  
  27  3:10  Barracks Tech Lab  
  31  3:13  SCV  
  32  3:25  SCV x2  
  34  3:29  Supply Depot  
  34  3:32  Hellion  
  34  3:33  Hellion, Marine  
  39  3:37  SCV  
  40  3:45  Starport Tech Lab  
  40  3:51  Marine  
  40  3:52  Supply Depot  
  41  3:56  Hellion x2  
  41  3:58  SCV x2  
  50  4:11  Raven, Marine  
  50  4:23  SCV x2, Supply Depot  
  52  4:24  Command Center  
  52  4:35  Factory Tech Lab, SCV  
  53  4:42  Marine  
  53  4:45  SCV  
  53  4:48  Barracks  
  53  4:49  Engineering Bay x2  
  53  4:50  Barracks  
  53  4:53  Siege Tank  
  53  4:54  Supply Depot  
  56  5:02  SCV  
  56  5:06  Starport Reactor  
  57  5:07  Marine  
  58  5:17  SCV x2  
  58  5:18  Terran Infantry Armor Level 1, Terran Infantry Weapons Level 1  
  60  5:22  Refinery  
  60  5:26  Marine  
  60  5:27  Siege Tank  
  64  5:29  SCV x2  
  66  5:41  SCV  
  67  5:48  Medivac  
  69  5:56  SCV x2, Orbital Command  
  69  6:02  Barracks x2  
  69  6:08  SCV x2  
  69  6:09  Marine x3  
  69  6:10  Marauder, Stimpack  
  76  6:16  Refinery  
  76  6:19  Orbital Command  
  76  6:20  SCV x2  
  76  6:22  Supply Depot  
  76  6:23  Supply Depot  
  76  6:24  Supply Depot  
  78  6:27  Marauder  
  78  6:31  Marine x3  
  78  6:32  SCV x2  
  85  6:44  SCV  
  85  6:45  SCV  
  87  6:48  SCV  
  87  6:49  Marauder x2  
  87  6:53  Marine  
  87  6:54  Marine  
  85  6:56  Barracks Reactor x2, SCV  
  85  6:57  SCV  
  85  7:00  SCV  
  87  7:08  SCV  
  87  7:09  SCV  
  87  7:12  Marauder x2, Medivac x2, Siege Tank  
  100  7:20  SCV  
  100  7:21  SCV x2  
  103  7:23  Marine x2  
  103  7:24  Combat Shield  
  105  7:31  Refinery x2  
  105  7:32  SCV, Marine x3  
  105  7:33  Marine x3  
  112  7:37  SCV x2, Factory  
  112  7:43  Medivac  
  114  7:44  SCV  
  114  7:49  SCV x2  
  115  7:53  Command Center  
  115  7:57  Marine x2  
  117  8:08  Marine  
  117  8:18  Supply Depot  
  117  8:20  Supply Depot  
  117  8:22  Supply Depot  
  117  8:29  Factory Reactor  
  117  8:32  Armory  
  117  8:37  Supply Depot  
  117  8:39  Marine x4, Medivac  
  117  8:40  SCV x2, Supply Depot  
  117  8:41  SCV, Marine x4, Medivac, Supply Depot  
  125  8:43  Siege Tank  
  127  8:52  SCV x2  
  129  8:57  Marine x4  
  129  8:59  Marauder, Marine x2  
  137  9:05  Marine  
  138  9:10  SCV  
  138  9:15  Marine  
  138  9:16  Marine x3  
  138  9:17  Widow Mine x2, Marauder, Marine, Medivac x2  
  141  9:19  Widow Mine, SCV x2  
  141  9:20  Marine  
  141  9:23  Marine  
  157  9:33  Marine  
  157  9:34  Marine x3  
  157  9:35  Barracks, Marine  
  157  9:36  Barracks  
  157  9:38  Barracks, Marauder x2  
  162  9:39  Widow Mine x2  
  162  9:41  Marine  
  171  9:47  Widow Mine, Medivac  
  171  9:50  Marine  
  171  9:51  Marine  
  171  9:52  Marine  
  178  9:56  Marine  
  178  9:58  Marine  
  178  9:59  Marine x2  
  175  10:00  Widow Mine, Marauder  
  175  10:05  Medivac  
  147  10:08  Marine  
  147  10:09  Marine  
  147  10:10  Marine  
  137  10:14  Marine  
  137  10:16  Marine  
  137  10:17  Marine  
  137  10:18  Widow Mine, Marauder, Medivac  
  137  10:20  SCV  
  137  10:21  Marine  
  145  10:22  Planetary Fortress  
  145  10:25  SCV x2  
  145  10:27  Widow Mine  
  148  10:30  Barracks Reactor  
  148  10:34  SCV  
  149  10:36  Barracks Tech Lab  
  149  10:37  Barracks Tech Lab  
  149  10:39  Marauder  
  149  10:41  SCV x2  
  153  10:43  Marauder, Marine  
  156  10:54  Marine x4  
  160  11:00  Marauder  
  152  11:04  Marauder  
  152  11:06  Marine  
Show
View Real Time Build Order
Export as new Build Order

ViBE Zerg - Winner!

Build Orders: Hatch First 

Get SALT Encoding   

  12  0:00  Drone  
  13  0:13  Overlord  
  13  0:19  Drone  
  14  0:32  Drone x2  
  16  0:39  Drone  
  17  0:52  Hatchery  
  17  0:57  Drone  
  17  1:05  Drone  
  18  1:13  Extractor  
  18  1:16  Spawning Pool  
  16  1:19  Drone  
  16  1:23  Drone  
  18  1:31  Drone  
  19  1:40  Overlord  
  19  1:52  Drone  
  20  2:03  Queen  
  20  2:05  Zergling x4  
  20  2:06  Queen  
  26  2:14  Drone  
  27  2:17  Metabolic Boost  
  27  2:18  Drone  
  28  2:25  Drone  
  28  2:29  Drone  
  29  2:39  Hatchery  
  29  2:44  Drone x3  
  29  2:51  Queen  
  33  2:58  Overlord  
  33  3:03  Drone x2  
  35  3:07  Drone  
  36  3:17  Drone x4  
  40  3:24  Overlord  
  40  3:26  Drone  
  41  3:35  Drone x2  
  43  3:41  Queen  
  43  3:42  Overlord  
  45  3:58  Roach Warren  
  45  4:01  Zergling x10  
  45  4:02  Drone x4  
  53  4:03  Queen  
  55  4:12  Overlord  
  55  4:14  Overlord  
  55  4:15  Drone  
  56  4:23  Drone x2  
  58  4:27  Overlord  
  58  4:29  Queen, Lair  
  60  4:32  Drone  
  60  4:34  Baneling Nest  
  55  4:42  Drone x10  
  63  4:48  Drone x2  
  63  4:50  Queen  
  67  5:00  Drone x3  
  70  5:12  Extractor x2  
  68  5:19  Overlord x2  
  68  5:22  Zergling x22  
  68  5:27  Centrifical Hooks  
  79  5:34  Spore Crawler  
  78  5:36  Spore Crawler  
  78  5:38  Spore Crawler  
  77  5:52  Drone x11  
  77  5:53  Drone x3  
  93  5:57  Hatchery  
  93  5:59  Extractor x2  
  93  6:00  Extractor  
  93  6:03  Drone x4  
  93  6:13  Evolution Chamber  
  93  6:14  Hydralisk Den  
  93  6:15  Drone x3  
  93  6:16  Overlord x3  
  93  6:17  Evolution Chamber  
  93  6:23  Overlord x2  
  93  6:25  Zergling x2  
  94  6:34  Baneling x11  
  94  6:35  Baneling  
  94  6:39  Hatchery  
  93  6:43  Zergling x2  
  93  6:44  Zergling x8  
  98  6:52  Zergling x6  
  101  7:04  Grooved Spines, Zerg Ground Armor Level 1, Zerg Melee Weapons Level 1  
  101  7:07  Zergling x8  
  105  7:29  Drone x11  
  116  7:38  Drone x6  
  121  7:53  Hatchery, Overlord x5  
  121  7:54  Extractor, Overlord  
  121  7:55  Extractor  
  118  8:16  Hydralisk x17  
  118  8:18  Hatchery  
  151  8:21  Infestation Pit  
  151  8:26  Overlord x2  
  150  8:30  Muscular Augments  
  149  8:51  Drone x3  
  149  8:53  Drone  
  149  8:54  Drone x3  
  156  8:56  Zergling x18  
  156  8:57  Zergling x16  
  156  9:01  Zerg Ground Armor Level 2, Zerg Melee Weapons Level 2, Hive  
  173  9:16  Zergling x12  
  173  9:17  Zergling x6  
  180  9:24  Baneling x4  
  180  9:25  Baneling x6  
  180  9:26  Baneling x6  
  180  9:27  Baneling x3, Zergling x2  
  180  9:28  Zergling x16  
  189  9:38  Overseer x2  
  189  9:39  Overseer  
  177  10:06  Zergling x10  
  177  10:07  Zergling x28  
  155  10:14  Pneumatized Carapace  
  155  10:20  Ultralisk Cavern  
  154  10:32  Drone  
  154  10:33  Drone x3  
  158  10:43  Queen  
  158  10:46  Zergling x30  
  158  10:47  Zergling x8  
  158  10:48  Baneling  
  158  10:49  Baneling x21  
  175  11:04  Zergling x2  
  175  11:05  Zergling x30  
Tags
 
Add a new tag
Caveats
  • Supply blocks, unpowered buildings, or Contaminate may cause inaccurate times.
  • Supply counts are checked every 10 seconds.